 Dungeon Crawl Stone Soup version 0.23.1 (webtiles) character file.

Game seed: 913856445558459033

1978 Marnok the Shield-Bearer (level 9, -5/73 HPs)
             Began as a Gnoll Fighter on Mar 1, 2019.
             Was an Initiate of Ashenzari.
             Slain by an orc warrior
             ... wielding a +0 glaive
              (19 damage)
             ... on level 7 of the Dungeon.
             The game lasted 00:33:08 (5637 turns).

Marnok the Shield-Bearer (Gnoll Fighter)            Turns: 5637, Time: 00:33:08

Health: -5/73      AC:  8    Str: 21    XL:     9   Next: 20%
Magic:  14/14      EV: 11    Int: 11    God:    Ashenzari [......]
Gold:   340        SH: 12    Dex: 15    Spells: 15/15 levels left

rFire    . . .     SeeInvis .   a - +0 rapier
rCold    . . .     Gourm    .   c - +1 shield
rNeg     . . .     Faith    .   b - +0 scale mail
rPois    .         Spirit   .   (no helmet)
rElec    .         Reflect  .   (no cloak)
rCorr    .         Harm     .   (no gloves)
MR       .....                  (no boots)
Stlth    +.........             (no amulet)
HPRegen  0.22/turn              (no ring)
MPRegen  0.14/turn              (no ring)

@: about to teleport
A: distributed training, fangs 1, strong nose
a: Curse Item, Renounce Religion


You were on level 7 of the Dungeon.
You worshipped Ashenzari.
Ashenzari was noncommittal.
You were hungry.

You visited 1 branch of the dungeon, and saw 7 of its levels.

You collected 340 gold pieces.

Inventory:

Hand Weapons
 a - a +0 rapier (weapon)
 p - a +0 flail of protection
Missiles
 o - 5 javelins (quivered)
Armour
 b - a +0 scale mail (worn)
 c - a +1 shield (worn)
 m - a +0 pair of boots
Jewellery
 d - an uncursed amulet of harm
Wands
 e - a wand of iceblast (13)
 j - a wand of digging (8)
 q - a wand of flame (17)
 x - a wand of clouds (3)
Scrolls
 g - 2 scrolls of remove curse
 n - a scroll of random uselessness
 s - 2 scrolls of amnesia
 t - a scroll of identify
 u - 3 scrolls of blinking
 v - 2 scrolls of brand weapon {unknown}
 w - 2 scrolls of magic mapping
Potions
 h - a potion of curing
 i - a potion of lignification
 k - a potion of haste
 l - 2 potions of flight
 r - a potion of degeneration {unknown}
 z - a potion of brilliance {unknown}
Comestibles
 f - 13 rations


   Skills:
 + Level 7.7 Fighting
 + Level 6.1 Short Blades
 + Level 3.9 Long Blades
 + Level 3.9 Axes
 + Level 3.9 Maces & Flails
 + Level 3.9 Polearms
 + Level 3.9 Staves
 + Level 3.9 Slings
 + Level 3.9 Bows
 + Level 3.9 Crossbows
 + Level 3.9 Throwing
 + Level 7.7 Armour
 + Level 3.9 Dodging
 + Level 3.9 Stealth
 + Level 7.7 Shields
 + Level 3.9 Unarmed Combat
 + Level 3.9 Spellcasting
 + Level 3.2 Conjurations
 + Level 3.2 Hexes
 + Level 3.2 Charms
 + Level 3.2 Summonings
 + Level 3.2 Necromancy
 + Level 3.2 Translocations
 + Level 3.2 Transmutations
 + Level 3.2 Fire Magic
 + Level 3.2 Ice Magic
 + Level 3.2 Air Magic
 + Level 3.2 Earth Magic
 + Level 3.2 Poison Magic
 + Level 4.3 Invocations
 + Level 3.9 Evocations


You had 15 spell levels left.
You didn't know any spells.
Your spell library contained the following spells:

 Spells                   Type           Power        Failure   Level  Hunger
 Corpse Rot               Necr           N/A          52%         2    ##.....
 Stone Arrow              Conj/Erth      #.....       75%         3    ###....
 Leda's Liquefaction      Hex/Erth       #.........   98%         4    #####..
 Summon Forest            Summ/Tloc      #.........   100%        5    ######.
 Hydra Form               Tmut           #.........   100%        6    #######
 Summon Hydra             Summ           #.........   100%        7    #######


Dungeon Overview and Level Annotations

Branches:
Dungeon (7/15)             Temple (0/1) D:5

Altars:
Ashenzari
Elyvilon
Fedhas
Uskayaw


Innate Abilities, Weirdness & Mutations

Your experience applies equally to all skills.
You have very sharp teeth.
Your uncanny sense of smell can sniff out nearby items.


Message History

The phantom is heavily damaged.
The phantom blinks!
You hit the orc warrior but do no damage.
The orc warrior hits you with a +0 glaive!!
You hit the orc warrior.
The orc warrior is lightly wounded.
The orc warrior hits you with a +0 glaive!!
You hit the orc warrior but do no damage.
The orc warrior is lightly wounded.
You puncture the orc warrior!
The orc warrior is heavily wounded.
The orc warrior hits you with a +0 glaive!!
* * * LOW HITPOINT WARNING * * *
As you read the scroll of teleportation, it crumbles to dust.
You feel strangely unstable. You block the orc warrior's attack.
The phantom hits you.
* * * LOW HITPOINT WARNING * * *
The phantom blinks!
The orc warrior hits you from afar with a +0 glaive!!
You die...

.. .$.# #..# .# ... .). ..
..##.. ##. .. ..#.# #.. .#.. .
#... ##.# #... .. #..#####..#
..# ... #...##....##.###. ....
#.#@.............# ∆
.....##.......#%...###.# ∆ ∆
∆.......o#.#####..##.....
.....##........(.....$..
...###............#.... ##
#####...................
...######.....#W...............
#....W........................
.#.............##.........#####


You could see a phantom and an orc warrior.

Vanquished Creatures
  An orc warrior (D:6)
  An ice beast (D:6)
  A necrophage (D:4)
  2 ogres (D:6)
  3 centaurs
  2 bullfrogs (D:6)
  3 scorpions
  A howler monkey (D:6)
  A bullfrog zombie (D:5)
  3 crimson imps
  5 hounds
  An orc priest (D:6)
  3 bullfrog skeletons
  2 iguanas (D:6)
  8 worker ants
  3 hound skeletons
  3 gnolls (D:3)
  A howler monkey skeleton (D:5)
  10 adders
  2 shadow imps
  3 oozes
  A worm (D:2)
  2 dart slugs
  5 leopard geckos
  15 orcs
  3 giant cockroaches
  7 goblins
  4 hobgoblins
  5 jackals (D:5)
  2 kobolds (D:3)
  3 quokkas
  5 ball pythons
  10 bats
  6 frilled lizards
  2 jackal zombies
  6 rats
135 creatures vanquished.

Vanquished Creatures (others)
  A sky beast (D:6)
1 creature vanquished.

Grand Total: 136 creatures vanquished

Notes
Turn   | Place    | Note
-------+----------+-------------------------------------------
     0 | D:1      | Marnok the Gnoll Fighter began the quest for the Orb.
     0 | D:1      | Reached XP level 1. HP: 23/23 MP: 1/1
   105 | D:1      | Reached XP level 2. HP: 29/29 MP: 2/2
   461 | D:1      | Reached XP level 3. HP: 24/35 MP: 3/3
   718 | D:2      | Reached skill level 1 in Invocations
   784 | D:2      | Reached skill level 1 in Long Blades
   784 | D:2      | Reached skill level 1 in Axes
   784 | D:2      | Reached skill level 1 in Maces & Flails
   784 | D:2      | Reached skill level 1 in Polearms
   784 | D:2      | Reached skill level 1 in Staves
   784 | D:2      | Reached skill level 1 in Slings
   784 | D:2      | Reached skill level 1 in Bows
   784 | D:2      | Reached skill level 1 in Crossbows
   784 | D:2      | Reached skill level 1 in Throwing
   784 | D:2      | Reached skill level 1 in Dodging
   784 | D:2      | Reached skill level 1 in Stealth
   784 | D:2      | Reached skill level 1 in Unarmed Combat
   784 | D:2      | Reached skill level 1 in Spellcasting
   784 | D:2      | Reached skill level 1 in Evocations
   784 | D:2      | Reached XP level 4. HP: 41/41 MP: 5/5
   861 | D:2      | Found a white marble altar of Elyvilon.
  1136 | D:3      | Reached skill level 1 in Conjurations
  1136 | D:3      | Reached skill level 1 in Hexes
  1136 | D:3      | Reached skill level 1 in Charms
  1136 | D:3      | Reached skill level 1 in Summonings
  1136 | D:3      | Reached skill level 1 in Necromancy
  1136 | D:3      | Reached skill level 1 in Translocations
  1136 | D:3      | Reached skill level 1 in Transmutations
  1136 | D:3      | Reached skill level 1 in Fire Magic
  1136 | D:3      | Reached skill level 1 in Ice Magic
  1136 | D:3      | Reached skill level 1 in Air Magic
  1136 | D:3      | Reached skill level 1 in Earth Magic
  1136 | D:3      | Reached skill level 1 in Poison Magic
  1261 | D:3      | Reached XP level 5. HP: 47/47 MP: 6/6
  1917 | D:4      | Reached XP level 6. HP: 46/53 MP: 8/8
  1949 | D:5      | Entered Level 5 of the Dungeon
  2421 | D:4      | Reached skill level 5 in Short Blades
  2549 | D:4      | Noticed a necrophage
  2560 | D:4      | Killed a necrophage
  2569 | D:4      | Found a blossoming altar of Fedhas.
  2965 | D:6      | Noticed an orc warrior
  3026 | D:5      | Reached XP level 7. HP: 57/59 MP: 10/10
  3272 | D:5      | Found a hide-covered altar of Uskayaw.
  3746 | D:5      | Found a staircase to the Ecumenical Temple.
  3823 | D:5      | Reached XP level 8. HP: 27/67 MP: 12/12
  4577 | D:6      | Found a shattered altar of Ashenzari.
  4630 | D:6      | Became a worshipper of Ashenzari the Shackled
  4991 | D:6      | Reached XP level 9. HP: 24/72 MP: 14/14
  5637 | D:7      | Slain by an orc warrior

Skill      XL: |  1  2  3  4  5  6  7  8 |
---------------+-------------------------+-----
Invocations    | 1 2 3 4 |  4.3
Long Blades    | 1 2 3 |  3.9
Axes           | 1 2 3 |  3.9
Maces & Flails | 1 2 3 |  3.9
Polearms       | 1 2 3 |  3.9
Staves         | 1 2 3 |  3.9
Slings         | 1 2 3 |  3.9
Bows           | 1 2 3 |  3.9
Crossbows      | 1 2 3 |  3.9
Throwing       | 1 2 3 |  3.9
Dodging        | 1 2 3 |  3.9
Stealth        | 1 2 3 |  3.9
Unarmed Combat | 1 2 3 |  3.9
Spellcasting   | 1 2 3 |  3.9
Evocations     | 1 2 3 |  3.9
Conjurations   | 1 2 3 |  3.2
Hexes          | 1 2 3 |  3.2
Charms         | 1 2 3 |  3.2
Summonings     | 1 2 3 |  3.2
Necromancy     | 1 2 3 |  3.2
Translocations | 1 2 3 |  3.2
Transmutations | 1 2 3 |  3.2
Fire Magic     | 1 2 3 |  3.2
Ice Magic      | 1 2 3 |  3.2
Air Magic      | 1 2 3 |  3.2
Earth Magic    | 1 2 3 |  3.2
Poison Magic   | 1 2 3 |  3.2
Short Blades   | 5 6 |  6.1
Fighting       | 7 |  7.7
Armour         | 7 |  7.7
Shields        | 7 |  7.7

Action                   |  1- 3 |  4- 6 |  7- 9 || total
-------------------------+-------+-------+-------++-------
Melee: Rapier            |    86 |   207 |   374 ||   667
       Bite              |    13 |    20 |    56 ||    89
Throw: Javelin           |       |       |     1 ||     1
  Use: Scroll            |       |     9 |     2 ||    11
       Potion            |       |     8 |     5 ||    13
  Eat: Chunk             |       |     4 |     8 ||    12
       Ration            |       |     1 |       ||     1
Armor: Scale mail        |    52 |    48 |    78 ||   178
Dodge: Dodged            |    39 |    41 |   100 ||   180
Block: Shield            |    66 |   108 |   191 ||   365
